TOP OF THE 1ST |
Philadelphia Phillies batting - Pitching for Cleveland Indians : RHP Anibal Sanchez
|
Pitching: RHP Anibal Sanchez
|
|
Batting: LHB Leonys Martin
|
0-0: Foul Ball, location: 2F 0-1: Ball 1-1: Foul Ball, location: 2F 1-2: Strikes out swinging
|
Batting: SHB Ketel Marte
|
0-0: Ball 1-0: Foul Ball, location: 2F 1-1: Ball 2-1: Fly out, F5 (Flyball, 5D, EV 90.0 MPH)
|
Batting: RHB Giancarlo Stanton
|
0-0: SOLO HOME RUN (Flyball, 78XD, EV 95.0 MPH), Distance : 392 ft
|
Batting: LHB David Peralta
|
0-0: Called Strike 0-1: Ball 1-1: Called Strike 1-2: Strikes out swinging
|
Top of the 1st over - 1 run, 1 hit, 0 errors, 0 left on base; Philadelphia 1 - Cleveland 0 |
BOTTOM OF THE 1ST |
Cleveland Indians batting - Pitching for Philadelphia Phillies : RHP Aaron Blair
|
Pitching: RHP Aaron Blair
|
|
Batting: LHB Adam Frazier
|
0-0: Foul Ball, location: 2F 0-1: Ball 1-1: Ball 2-1: Ball 3-1: Base on Balls
|
Batting: SHB Jose Ramirez
|
0-0: Ball 1-0: Fly out, F8 (Line Drive, 8LD, EV 88.8 MPH)
|
Batting: LHB Christian Yelich
|
0-0: Called Strike 0-1: Ball 1-1: Ball 2-1: Ball 3-1: Called Strike 3-2: Foul Ball, location: 2F 3-2: Strikes out swinging Adam Frazier is caught stealing 2nd base 2-6 Batter strikes out.
|
Bottom of the 1st over - 0 runs, 0 hits, 0 errors, 0 left on base; Philadelphia 1 - Cleveland 0 |
TOP OF THE 2ND |
Philadelphia Phillies batting - Pitching for Cleveland Indians : RHP Anibal Sanchez
|
Batting: LHB Justin Bour
|
0-0: Swinging Strike 0-1: Ball 1-1: Ball 2-1: Swinging Strike 2-2: Ball 3-2: Strikes out swinging, 2-3 out at first.
|
Batting: RHB Todd Frazier
|
0-0: Foul Ball, location: 2F 0-1: Ball 1-1: Ball 2-1: Called Strike 2-2: Strikes out swinging
|
Batting: RHB Josh Harrison
|
0-0: Fly out, F8 (Flyball, 8RD, EV 101.9 MPH)
|
Top of the 2nd over - 0 runs, 0 hits, 0 errors, 0 left on base; Philadelphia 1 - Cleveland 0 |
BOTTOM OF THE 2ND |
Cleveland Indians batting - Pitching for Philadelphia Phillies : RHP Aaron Blair
|
Batting: RHB J.D. Martinez
|
0-0: Called Strike 0-1: Foul Ball, location: 2F 0-2: Strikes out swinging
|
Batting: LHB Matt Carpenter
|
0-0: Ball 1-0: Ball 2-0: Swinging Strike 2-1: Ball 3-1: Swinging Strike 3-2: Base on Balls
|
Batting: RHB Matt Chapman
|
0-0: Ball 1-0: Ball 2-0: Foul Ball, location: 2F 2-1: Ball 3-1: Called Strike 3-2: Foul Ball, location: 2F 3-2: Foul Ball, location: 2F 3-2: Strikes out swinging
|
Batting: RHB Steven Souza Jr.
|
0-0: Called Strike 0-1: Foul Ball, location: 2F 0-2: Foul Ball, location: 2F 0-2: Ball 1-2: Ball 2-2: Ball 3-2: Foul Ball, location: 2F 3-2: Base on Balls Matt Carpenter to second
|
Batting: SHB Marwin Gonzalez
|
0-0: Ball 1-0: Ball 2-0: Called Strike 2-1: Fly out, F7 (Flyball, 78M, EV 88.8 MPH)
|
Bottom of the 2nd over - 0 runs, 0 hits, 0 errors, 2 left on base; Philadelphia 1 - Cleveland 0 |
TOP OF THE 3RD |
Philadelphia Phillies batting - Pitching for Cleveland Indians : RHP Anibal Sanchez
|
Batting: RHB Carson Kelly
|
0-0: Swinging Strike 0-1: Ball 1-1: Ball 2-1: Ball 3-1: Fly out, F6 (Popup, 6MS, EV 73.1 MPH)
|
Batting: RHB Scott Kingery
|
0-0: Foul Ball, location: 2F 0-1: Ball 1-1: Foul Ball, location: 2F 1-2: Ball 2-2: Ball 3-2: SOLO HOME RUN (Flyball, 7D, EV 95.6 MPH), Distance : 381 ft
|
Batting: LHB Leonys Martin
|
0-0: Bunt missed! 0-1: Foul Ball, location: 2F 0-2: Ball 1-2: Ball 2-2: Ball 3-2: Ground out 5-3 (Groundball, 56, EV 86.9 MPH)
|
Batting: SHB Ketel Marte
|
0-0: Called Strike 0-1: Ball 1-1: Ball 2-1: Swinging Strike 2-2: Foul Ball, location: 2F 2-2: Strikes out looking
|
Top of the 3rd over - 1 run, 1 hit, 0 errors, 0 left on base; Philadelphia 2 - Cleveland 0 |
BOTTOM OF THE 3RD |
Cleveland Indians batting - Pitching for Philadelphia Phillies : RHP Aaron Blair
|
Batting: RHB Danny Jansen
|
0-0: Swinging Strike 0-1: Swinging Strike 0-2: SINGLE (Line Drive, 4D, EV 94.4 MPH)
|
Batting: LHB Adam Frazier
|
0-0: Called Strike 0-1: Grounds into double play, 4-6-3 (Groundball, 4M, EV 103.1 MPH)
|
Batting: SHB Jose Ramirez
|
0-0: Called Strike 0-1: Fly out, F7 (Flyball, 7LS, EV 81.9 MPH)
|
Bottom of the 3rd over - 0 runs, 1 hit, 0 errors, 0 left on base; Philadelphia 2 - Cleveland 0 |
TOP OF THE 4TH |
Philadelphia Phillies batting - Pitching for Cleveland Indians : RHP Anibal Sanchez
|
Batting: RHB Giancarlo Stanton
|
0-0: Called Strike 0-1: Foul Ball, location: 2F 0-2: Strikes out looking
|
Batting: LHB David Peralta
|
0-0: Called Strike 0-1: Ball 1-1: Swinging Strike 1-2: Ball 2-2: Ball 3-2: SINGLE (Groundball, 34D, EV 105.6 MPH)
|
Batting: LHB Justin Bour
|
0-0: Called Strike 0-1: Ball 1-1: Foul Ball, location: 2F 1-2: Ball 2-2: Fly out, F8 (Flyball, 8RS, EV 93.8 MPH)
|
Batting: RHB Todd Frazier
|
0-0: Called Strike 0-1: Called Strike 0-2: Ball 1-2: Ball 2-2: Strikes out looking
|
Top of the 4th over - 0 runs, 1 hit, 0 errors, 1 left on base; Philadelphia 2 - Cleveland 0 |
BOTTOM OF THE 4TH |
Cleveland Indians batting - Pitching for Philadelphia Phillies : RHP Aaron Blair
|
Batting: LHB Christian Yelich
|
0-0: Swinging Strike 0-1: Ball 1-1: Ball 2-1: Foul Ball, location: 2F 2-2: Ball 3-2: Fly out, F8 (Flyball, 78XD, EV 99.4 MPH)
|
Batting: RHB J.D. Martinez
|
0-0: Swinging Strike 0-1: Swinging Strike 0-2: Ball 1-2: Foul Ball, location: 2F 1-2: Ball 2-2: Foul Ball, location: 2F 2-2: SINGLE (Flyball, 7LS, EV 90.0 MPH)
|
Batting: LHB Matt Carpenter
|
0-0: Foul Ball, location: 2F 0-1: Ball 1-1: Foul Ball, location: 2F 1-2: Strikes out swinging
|
Batting: RHB Matt Chapman
|
0-0: Ball 1-0: Called Strike 1-1: SINGLE (Line Drive, 6D, EV 96.9 MPH) J.D. Martinez to second
|
Batting: RHB Steven Souza Jr.
|
0-0: Called Strike 0-1: Fly out, F8 (Flyball, 8RD, EV 88.1 MPH)
|
Bottom of the 4th over - 0 runs, 2 hits, 0 errors, 2 left on base; Philadelphia 2 - Cleveland 0 |
TOP OF THE 5TH |
Philadelphia Phillies batting - Pitching for Cleveland Indians : RHP Anibal Sanchez
|
Batting: RHB Josh Harrison
|
0-0: Fly out, F7 (Flyball, 78S, EV 90.6 MPH)
|
Batting: RHB Carson Kelly
|
0-0: Foul Ball, location: 2F 0-1: Swinging Strike 0-2: Strikes out swinging
|
Batting: RHB Scott Kingery
|
0-0: Ball 1-0: Called Strike 1-1: Fly out, F4 (Line Drive, 4, EV 68.1 MPH)
|
Top of the 5th over - 0 runs, 0 hits, 0 errors, 0 left on base; Philadelphia 2 - Cleveland 0 |
BOTTOM OF THE 5TH |
Cleveland Indians batting - Pitching for Philadelphia Phillies : RHP Aaron Blair
|
Batting: SHB Marwin Gonzalez
|
0-0: Ball 1-0: Called Strike 1-1: Foul Ball, location: 2F 1-2: Strikes out swinging
|
Batting: RHB Danny Jansen
|
0-0: Called Strike 0-1: Foul Ball, location: 2F 0-2: Ball 1-2: Strikes out looking
|
Batting: LHB Adam Frazier
|
0-0: Ball 1-0: Called Strike 1-1: Fly out, F7 (Flyball, 7S, EV 86.3 MPH)
|
Bottom of the 5th over - 0 runs, 0 hits, 0 errors, 0 left on base; Philadelphia 2 - Cleveland 0 |
TOP OF THE 6TH |
Philadelphia Phillies batting - Pitching for Cleveland Indians : RHP Anibal Sanchez
|
Batting: LHB Leonys Martin
|
0-0: SINGLE (Flyball, 3D, EV 90.6 MPH)
|
Pitching: RHP Hector Rondon
|
|
Batting: SHB Ketel Marte
|
0-0: Ball 1-0: Swinging Strike 1-1: SINGLE (Flyball, 7S, EV 96.9 MPH) Leonys Martin to second
|
Batting: RHB Giancarlo Stanton
|
0-0: Ball 1-0: Ball 2-0: Ball 3-0: Called Strike 3-1: Base on Balls Leonys Martin to third Ketel Marte to second
|
Batting: LHB David Peralta
|
0-0: Ball 1-0: Ball 2-0: Grounds into fielders choice 6-2 (Groundball, 6S, EV 88.1 MPH) Ketel Marte to third Giancarlo Stanton to second
|
Batting: LHB Justin Bour
|
0-0: Foul Ball, location: 2F 0-1: Ball 1-1: Called Strike 1-2: Ball 2-2: Ball 3-2: Foul Ball, location: 2F 3-2: Foul Ball, location: 2F 3-2: Base on Balls Ketel Marte scores Giancarlo Stanton to third David Peralta to second
|
Pitching: RHP Yoan Lopez
|
|
Batting: RHB Todd Frazier
|
0-0: Foul Ball, location: 2F 0-1: Swinging Strike 0-2: Strikes out swinging
|
Batting: RHB Josh Harrison
|
0-0: Swinging Strike 0-1: Called Strike 0-2: Ball 1-2: Ball 2-2: Strikes out swinging
|
Top of the 6th over - 1 run, 2 hits, 0 errors, 3 left on base; Philadelphia 3 - Cleveland 0 |
BOTTOM OF THE 6TH |
Cleveland Indians batting - Pitching for Philadelphia Phillies : RHP Aaron Blair
|
Batting: SHB Jose Ramirez
|
0-0: Swinging Strike 0-1: Fly out, F7 (Flyball, 78D, EV 93.8 MPH)
|
Batting: LHB Christian Yelich
|
0-0: Ball 1-0: Ball 2-0: Fly out, F8 (Line Drive, 78M, EV 104.4 MPH)
|
Batting: RHB J.D. Martinez
|
0-0: Ball 1-0: SINGLE (Groundball, 56D, EV 102.5 MPH)
|
Batting: LHB Matt Carpenter
|
0-0: Called Strike Pickoff Throw by Catcher to First - Out!
|
Bottom of the 6th over - 0 runs, 1 hit, 0 errors, 0 left on base; Philadelphia 3 - Cleveland 0 |
TOP OF THE 7TH |
Philadelphia Phillies batting - Pitching for Cleveland Indians : RHP Yoan Lopez
|
Batting: RHB Carson Kelly
|
0-0: Foul Ball, location: 2F 0-1: Ball 1-1: Ball 2-1: Swinging Strike 2-2: Strikes out looking
|
Batting: RHB Scott Kingery
|
0-0: Ball 1-0: Ball 2-0: Foul Ball, location: 2F 2-1: Foul Ball, location: 2F 2-2: Foul Ball, location: 2F 2-2: Ball 3-2: Base on Balls
|
Batting: LHB Leonys Martin
|
0-0: Called Strike 0-1: Ball 1-1: Fielders Choice at 2nd, 2-4 (Groundball, 15S, EV 66.3 MPH)
|
Batting: SHB Ketel Marte
|
0-0: Called Strike 0-1: Ball 1-1: Ball 2-1: Ground out U3 (Groundball, 34S, EV 93.8 MPH)
|
Top of the 7th over - 0 runs, 0 hits, 0 errors, 1 left on base; Philadelphia 3 - Cleveland 0 |
BOTTOM OF THE 7TH |
Cleveland Indians batting - Pitching for Philadelphia Phillies : RHP Aaron Blair
|
Batting: LHB Matt Carpenter
|
0-0: Fly out, F9 (Flyball, 89S, EV 88.8 MPH)
|
Batting: RHB Matt Chapman
|
0-0: Called Strike 0-1: Ground out 6-3 (Groundball, 6M, EV 83.8 MPH)
|
Batting: RHB Steven Souza Jr.
|
0-0: Ground out 5-3 (Groundball, 5, EV 87.5 MPH)
|
Bottom of the 7th over - 0 runs, 0 hits, 0 errors, 0 left on base; Philadelphia 3 - Cleveland 0 |
TOP OF THE 8TH |
Philadelphia Phillies batting - Pitching for Cleveland Indians : RHP Yoan Lopez
|
Pitching: LHP Zac Rosscup
|
|
Batting: RHB Giancarlo Stanton
|
0-0: Ball 1-0: Foul Ball, location: 2F 1-1: Foul Ball, location: 2F 1-2: Strikes out looking
|
Batting: LHB David Peralta
|
0-0: Ball 1-0: Swinging Strike 1-1: Swinging Strike 1-2: Strikes out swinging
|
Batting: LHB Justin Bour
|
0-0: Swinging Strike 0-1: Called Strike 0-2: Foul Ball, location: 2F 0-2: Ball 1-2: Strikes out swinging
|
Top of the 8th over - 0 runs, 0 hits, 0 errors, 0 left on base; Philadelphia 3 - Cleveland 0 |
BOTTOM OF THE 8TH |
Cleveland Indians batting - Pitching for Philadelphia Phillies : RHP Aaron Blair
|
Pitching: RHP Lou Trivino
|
|
Batting: SHB Marwin Gonzalez
|
0-0: SINGLE (Line Drive, 7LM, EV 105.0 MPH)
|
Batting: RHB Danny Jansen
|
0-0: Foul Ball, location: 2F 0-1: Ball 1-1: Ball 2-1: Foul Ball, location: 2F 2-2: Foul Ball, location: 2F 2-2: Fielders Choice at 2nd, 3-6 (Groundball, 34S, EV 91.9 MPH)
|
Batting: LHB Adam Frazier
|
0-0: Foul Ball, location: 2F 0-1: Called Strike 0-2: Strikes out swinging
|
Batting: SHB Jose Ramirez
|
0-0: Ball 1-0: Ground out 4-3 (Groundball, 34, EV 97.5 MPH)
|
Bottom of the 8th over - 0 runs, 1 hit, 0 errors, 1 left on base; Philadelphia 3 - Cleveland 0 |
TOP OF THE 9TH |
Philadelphia Phillies batting - Pitching for Cleveland Indians : LHP Zac Rosscup
|
Pitching: RHP Simon Castro
|
|
Batting: RHB Todd Frazier
|
0-0: Ball 1-0: SOLO HOME RUN (Flyball, 7D, EV 97.5 MPH), Distance : 359 ft
|
Batting: RHB Josh Harrison
|
0-0: Swinging Strike 0-1: Ball 1-1: Called Strike 1-2: Strikes out swinging
|
Batting: RHB Carson Kelly
|
0-0: Ball 1-0: Foul Ball, location: 2F 1-1: SINGLE (Line Drive, 89S, EV 106.3 MPH)
|
Batting: RHB Scott Kingery
|
0-0: Called Strike 0-1: Ball 1-1: Foul Ball, location: 2F 1-2: Strikes out swinging
|
Batting: LHB Leonys Martin
|
0-0: Foul Ball, location: 2F 0-1: Called Strike 0-2: Strikes out swinging
|
Top of the 9th over - 1 run, 2 hits, 0 errors, 1 left on base; Philadelphia 4 - Cleveland 0 |
BOTTOM OF THE 9TH |
Cleveland Indians batting - Pitching for Philadelphia Phillies : RHP Lou Trivino
|
Pitching: RHP Jamie Callahan
|
|
Batting: LHB Christian Yelich
|
0-0: Ball 1-0: Foul Ball, location: 2F 1-1: Foul Ball, location: 2F 1-2: Ball 2-2: Ball 3-2: Fly out, F8 (Flyball, 8LS, EV 70.6 MPH)
|
Batting: RHB J.D. Martinez
|
0-0: Ball 1-0: SINGLE (Flyball, 8RS, EV 92.5 MPH)
|
Batting: LHB Matt Carpenter
|
0-0: Ball 1-0: Swinging Strike 1-1: Ball 2-1: Foul Ball, location: 2F 2-2: Foul Ball, location: 2F 2-2: Ball 3-2: Base on Balls J.D. Martinez to second
|
Pitching: RHP Kenley Jansen
|
|
Batting: RHB Matt Chapman
|
0-0: Ball 1-0: Ball 2-0: DOUBLE (Flyball, 78D, EV 102.5 MPH) J.D. Martinez scores Matt Carpenter to third
|
Batting: RHB Steven Souza Jr.
|
0-0: Called Strike 0-1: SINGLE (Flyball, 9LS, EV 93.1 MPH) Matt Carpenter scores Matt Chapman to third
|
Batting: SHB Marwin Gonzalez
|
0-0: Foul Ball, location: 2F 0-1: Ball 1-1: Ball 2-1: Foul Ball, location: 2F 2-2: Fielders Choice at 2nd, 4-6 (Groundball, 4, EV 110.6 MPH) Matt Chapman scores
|
Batting: RHB Danny Jansen
|
0-0: Foul Ball, location: 2F 0-1: Ball 1-1: Ball 2-1: Foul Ball, location: 2F 2-2: Strikes out looking
|
Bottom of the 9th over - 3 runs, 3 hits, 0 errors, 1 left on base; Philadelphia 4 - Cleveland 3 |
|